 Dungeon Crawl Stone Soup version 0.18.1-50-g88ac8fd (webtiles) character file.

3120 Chiseanne the Magician (level 9, 0/62 HPs)
             Began as a Centaur Air Elementalist on Oct 6, 2016.
             Was an Initiate of Gozag.
             Slain by a hell rat (2 damage)
             ... on level 7 of the Dungeon.
             The game lasted 00:27:33 (11257 turns).

Chiseanne the Magician (Centaur Air Elementalist)  Turns: 11257, Time: 00:27:34

Health: 0/62       AC:  7    Str: 12    XL:     9   Next: 60%
Magic:  0/20       EV:  9    Int: 17    God:    Gozag
Gold:   1333       SH:  0    Dex: 12    Spells: 2 memorised, 18 levels left

rFire  . . .     SeeInvis .     a - +2 hand axe (elec)
rCold  . . .     Gourm    .     C - +0 robe {MR+}
rNeg   . . .     Faith    .     (no shield)
rPois  +         Spirit   +     (no helmet)
rElec  .         Dismiss  .     o - +0 cloak
rCorr  .         Reflect  .     q - +1 pair of gloves
SustAt .         Harm     .     (no barding)
MR     +....                    y - amulet of guardian spirit
Stlth  +.........               l - ring of poison resistance
                                d - +3 ring of dexterity

@: drained, very quick, somewhat resistant to hostile enchantments, very
unstealthy
A: hooves 3, deformed body, speed 2, tough skin 3
a: Potion Petition, Call Merchant, Bribe Branch, Renounce Religion


You were on level 7 of the Dungeon.
You worshipped Gozag.
Gozag was noncommittal.
You were near starving.

You visited 2 branches of the dungeon, and saw 8 of its levels.

You collected 1354 gold pieces.
You paid 21 gold pieces to Gozag.

Inventory:

Hand Weapons
 a - a +2 hand axe of electrocution (weapon)
 s - a +0 flail of protection
 w - a +2 hunting sling of velocity
 x - a +0 scythe of venom
 J - a +0 trident of piercing
Missiles
 g - 316 stones (quivered)
 h - 6 javelins
 m - 50 bolts
 z - 110 arrows
 F - 45 poisoned needles
 G - a throwing net
Armour
 o - a +0 cloak (worn)
 q - a +1 pair of gloves (worn)
 C - a +0 robe of magic resistance (worn)
Jewellery
 d - a +3 ring of dexterity (left hand)
 f - an uncursed amulet of rage
 l - a ring of poison resistance (right hand)
 y - an amulet of guardian spirit (around neck)
Wands
 c - a wand of iceblast (0/15)
 B - a wand of polymorph (8/24)
 I - a wand of paralysis (11/24)
Scrolls
 n - 3 scrolls of immolation
 t - 5 scrolls of remove curse
 u - a scroll of amnesia
 D - a scroll of fog
 H - a scroll of magic mapping
 K - a scroll of blinking
Potions
 e - 2 potions of magic
 i - 4 potions of curing
 j - 2 potions of invisibility {unknown}
 k - 4 potions of flight
 p - a potion of degeneration {unknown}
 r - 2 potions of haste {unknown}
 v - a potion of resistance {unknown}
 A - 2 potions of brilliance
 E - a potion of agility {unknown}
 L - a potion of might {unknown}
Books
 b - a book of Air

   Spells                             Type                      Level
   a - Shock                          Conjuration/Air              1
   b - Swiftness                      Charms/Air                   2
   c - Repel Missiles                 Charms/Air                   2
   d - Static Discharge               Conjuration/Air              3
   e - Lightning Bolt                 Conjuration/Air              5


   Skills:
 - Level 1.3(0.7) Dodging
 - Level 1.2(0.6) Stealth
 * Level 7.4(6.7) Spellcasting
 - Level 6.2(5.5) Conjurations
 - Level 6.7(6.0) Air Magic


You had 18 spell levels left.
You knew the following spells:

 Your Spells              Type           Power        Failure   Level  Hunger
a - Shock                 Conj/Air       ####         1%          1    None
b - Static Discharge      Conj/Air       ####....     4%          3    ##.....


Dungeon Overview and Level Annotations

Branches:
Dungeon (7/15)             Temple (1/1) D:6

Altars:
Elyvilon
Fedhas
Gozag
Nemelex Xobeh
Pakellas
Trog
Vehumet
Xom
Yredelemnul
The Shining One


Innate Abilities, Weirdness & Mutations

You have hooves in place of feet.
Armour fits poorly on your strangely shaped body.
You cover ground very quickly.
You have extremely tough skin (AC +3).


Message History

Press: ? - help, Shift-Dir - straight line, f/p - hell rat
Aim: a hell rat The zap hits the hell rat.
The hell rat is lightly wounded.
You completely miss the hell rat.
The hell rat is lightly wounded.
The hell rat bites you!
You feel drained. The hell rat bites you!!
You hit the hell rat but do no damage.
The hell rat is lightly wounded.
The hell rat bites you!!
* * * LOW HITPOINT WARNING * * *
You hit the hell rat.
You kick the hell rat, but do no damage.
The hell rat is moderately wounded.
The hell rat bites you but does no damage.
The hell rat bites you!
* * * LOW HITPOINT WARNING * * *
You feel drained.
You die...
Your body crumbles into a pile of gold.

######### ##
##.......# ##...
#........## ###.[....
#.........###@r.....#
##........#......####
## #.##..........####
#.##.#.##....#.###
.#..##.####.####
#...#.###...# #....##
#.### #.#.#.###.#
.##.#.##.##


You could see a hell rat.

Vanquished Creatures
  Grinder (D:3)
  Sigmund (D:4)
  A hungry ghost (D:6)
  A hippogriff (D:7)
  Edmund (D:4)
  An orc warrior (D:6)
  An ice beast (D:6)
  2 sky beasts (D:7)
  3 centaurs
  4 ogres
  5 giant frogs
  3 scorpions
  2 howler monkeys
  A crimson imp (D:5)
  A centaur zombie (D:5)
  2 quasits
  3 hounds
  4 orc priests
  4 orc wizards
  A giant frog skeleton (D:5)
  Terence (D:3)
  2 worker ants
  A killer bee zombie (D:7)
  A hound zombie (D:6)
  A hound skeleton (D:7)
  A worker ant zombie (D:5)
  A gnoll (D:4)
  4 river rats (D:7)
  7 adders
  2 oozes (D:5)
  2 adder zombies
  3 worms
  3 dart slugs
  3 giant geckos
  31 orcs
  2 ball pythons (D:3)
  8 bats
  3 giant cockroaches
  4 hobgoblins
  11 jackals
  3 quokkas
  A ball python skeleton (D:5)
  A giant gecko zombie (D:5)
  7 giant newts
  9 goblins
  7 kobolds
  A quokka skeleton (D:4)
  30 rats
192 creatures vanquished.

Vanquished Creatures (others)
  4 gnolls (D:6)
4 creatures vanquished.

Grand Total: 196 creatures vanquished

Notes
Turn   | Place    | Note
--------------------------------------------------------------
     0 | D:1      | Chiseanne the Centaur Air Elementalist began the quest for the Orb.
     0 | D:1      | Reached XP level 1. HP: 14/14 MP: 3/3
    23 | D:1      | Reached skill level 1 in Conjurations
   498 | D:1      | Reached XP level 2. HP: 16/20 MP: 0/4
   553 | D:1      | Reached skill level 2 in Spellcasting
  1290 | D:1      | Reached XP level 3. HP: 26/26 MP: 3/6
  1586 | D:2      | Found a basalt altar of Yredelemnul.
  2421 | D:2      | Learned a level 3 spell: Static Discharge
  2592 | D:3      | Noticed Terence
  2641 | D:3      | Killed Terence
  2641 | D:3      | Reached XP level 4. HP: 33/33 MP: 0/7
  2726 | D:3      | Found an opulent altar of Gozag.
  2741 | D:3      | Became a worshipper of Gozag Ym Sagoz the Greedy
  2752 | D:3      | Noticed a hungry ghost
  2873 | D:3      | Found a bloodstained altar of Trog.
  3315 | D:3      | Reached XP level 5. HP: 19/38 MP: 3/9
  3622 | D:3      | Reached skill level 3 in Spellcasting
  3957 | D:3      | Noticed Grinder
  4247 | D:4      | Reached XP level 6. HP: 41/45 MP: 2/11
  4789 | D:4      | Found an oddly glowing altar of Pakellas.
  4792 | D:4      | Found a sparkling altar of Nemelex Xobeh.
  4806 | D:4      | Found a glowing golden altar of the Shining One.
  4809 | D:4      | Found a shimmering altar of Xom.
  4882 | D:4      | Noticed Sigmund
  4956 | D:3      | Killed Grinder
  4956 | D:3      | Reached XP level 7. HP: 44/50 MP: 6/12
  5221 | D:3      | Reached skill level 4 in Spellcasting
  5501 | D:4      | Noticed Edmund
  5615 | D:4      | Killed Edmund
  5615 | D:4      | Reached skill level 5 in Air Magic
  5957 | D:4      | Killed Sigmund
  6133 | D:4      | Reached XP level 8. HP: 32/57 MP: 9/14
  6449 | D:4      | Reached skill level 5 in Conjurations
  6763 | D:5      | Entered Level 5 of the Dungeon
  7167 | D:5      | Reached skill level 5 in Spellcasting
  8840 | D:6      | Found a staircase to the Ecumenical Temple.
  8918 | D:6      | Reached XP level 9. HP: 62/62 MP: 2/17
  9406 | D:6      | Reached skill level 6 in Spellcasting
  9776 | Temple   | Entered the Ecumenical Temple
 10107 | D:7      | Found a white marble altar of Elyvilon.
 10831 | D:7      | Reached skill level 7 in Spellcasting
 11257 | D:7      | HP: 2/62 [hell rat (9)]
 11257 | D:7      | Slain by a hell rat

Skill      XL: |  1  2  3  4  5  6  7  8  9 |
---------------+----------------------------+-----
Conjurations   | 1 2 3 4 6 |  6.2
Spellcasting   | 2 3 4 5 7 |  7.4
Air Magic      | 3 4 5 6 |  6.7
Dodging        | |  1.3
Stealth        | |  1.2

Action                   |  1- 3 |  4- 6 |  7- 9 || total
-------------------------+-------+-------+-------++-------
Melee: Unarmed           |    15 |       |       ||    15
       Short sword       |    18 |       |       ||    18
       Kick              |    11 |    14 |    49 ||    74
       Hand axe          |    28 |    70 |    91 ||   189
       Trident           |       |       |    83 ||    83
       Scythe            |       |       |    30 ||    30
 Fire: Hunting sling     |       |       |     5 ||     5
Throw: Stone             |       |       |     1 ||     1
 Cast: Shock             |    70 |    65 |   212 ||   347
       Static Discharge  |     2 |    14 |    23 ||    39
Evoke: Wand              |       |     4 |       ||     4
  Use: Scroll            |     7 |     2 |     7 ||    16
       Potion            |     1 |       |     1 ||     2
  Eat: Chunk             |     6 |     1 |       ||     7
       Bread ration      |       |     2 |     3 ||     5
       Meat ration       |       |       |     1 ||     1
       Pizza             |       |       |     1 ||     1
       Royal jelly       |       |       |     1 ||     1
Armor: Robe              |    39 |    34 |   108 ||   181
       Leather armour    |       |    22 |    52 ||    74
Dodge: Dodged            |    51 |    64 |   159 ||   274
